 Dungeon Crawl Stone Soup version 0.28-a0-1235-g7c8fac35f0 (webtiles) character file.

Game seed: 4737616169383883767

52 ragingrage the Caller (level 3, -6/14 HPs)
             Began as a Felid Summoner on Dec 25, 2021.
             Mangled by an iguana (11 damage)
             ... on level 4 of the Dungeon.
             The game lasted 00:07:31 (5582 turns).

ragingrage the Caller (Felid Summoner)              Turns: 5582, Time: 00:07:32

Health: -6/14      AC:  1    Str:  4    XL:     3   Next: 60%
Magic:  0/8        EV: 17    Int: 18    God:
Gold:   95         SH:  0    Dex: 16    Spells: 0/8 levels left
                                        Lives:  0   Deaths: 1

rFire   . . .      SeeInvis +   (weapon unavailable)
rCold   . . .      Faith    .   (shield unavailable)
rNeg    . . .      Spirit   .   (armour unavailable)
rPois   .          Reflect  .   (helmet unavailable)
rElec   .          Harm     .   (cloak unavailable)
rCorr   .          Rampage  .   (gloves unavailable)
Will    +....                   (boots unavailable)
Stlth   ++........              (no amulet)
HPRegen 0.04/turn               h - ring of willpower
MPRegen 0.11/turn               (no ring)

@: quick
A: very small, claws 1, fangs 3, see invisible, speed 1, shaggy fur 1, stealthy
paws, no weapons or thrown items, no armour, multi-lived
a: no special abilities


You were on level 4 of the Dungeon.
You visited 1 branch of the dungeon, and saw 4 of its levels.
You also visited: Sewer.

You collected 95 gold pieces.

Inventory:

Jewellery
 h - a ring of willpower (left paw)
Scrolls
 a - 4 scrolls of identify
 b - 2 scrolls of vulnerability
 c - 2 scrolls of holy word {unknown}
 e - a scroll of enchant armour {unknown}
 g - a scroll of enchant weapon {unknown}
 l - a scroll of brand weapon {unknown}
 m - a scroll of fog {unknown}
 n - a scroll of fear {unknown}
 o - a scroll of teleportation {unknown}
 q - a scroll of amnesia {unknown}
Potions
 d - 2 potions of mutation {unknown}
 f - a potion of ambrosia {unknown}
 i - 2 potions of resistance {unknown}
 j - a potion of heal wounds {unknown}
 k - a potion of magic {unknown}
 p - 2 potions of brilliance {unknown}


   Skills:
 - Level 2.6 Dodging
 - Level 2.6 Stealth
 + Level 3.4 Spellcasting
 + Level 5.0 Summonings


You couldn't memorise any spells.
You knew the following spells:

 Your Spells              Type           Power      Damage    Failure   Level
a - Summon Small Mammal   Summ           84%        N/A       1%          1
b - Call Imp              Summ           21%        N/A       3%          2
c - Call Canine Familiar  Summ           21%        N/A       6%          3
d - Summon Guardian Gole  Hex/Summ       12%        N/A       17%         3

Your spell library contained the following spells:

 Spells                   Type           Power      Damage    Failure   Level
 Blink                    Tloc           6%         N/A       24%         2
 Summon Lightning Spire   Summ/Air       12%        N/A       50%         4
 Manifold Assault         Tloc           3%         N/A       99%         5
 Storm Form               Tmut/Air       1%         N/A       100%        7


Dungeon Overview and Level Annotations

Branches:
Dungeon (4/15)              Sewer (visited)
 Temple: D:4-7

Altars:
Okawaru

Annotations:
D:3 2 transporters, MrDNA's ghost, amateur GnWn


Innate Abilities, Weirdness & Mutations

You have sharp claws.
You have razor-sharp teeth.
You have supernaturally acute eyesight. (SInv)
You cover ground quickly. (Speed+)
You are covered in fur. (AC +1)
Your paws help you pounce on unaware monsters.
You are incapable of wielding weapons or throwing items.
You cannot wear armour.
You gain extra lives every three experience levels.


Message History

Your crimson imp barely misses the iguana.
Your crimson imp blinks!
Your crimson imp blinks!
The iguana misses you.
You swap places.
Your crimson imp blinks!
You swap places.
The iguana bites your crimson imp but does no damage.
Your crimson imp hits the iguana but does no damage.
The iguana bites your crimson imp but does no damage.
Your crimson imp hits the iguana but does no damage.
The iguana bites your crimson imp!
Your crimson imp dies!
Your crimson imp disappears in a puff of smoke!
Casting: Call Imp (safe; 3% risk of failure)
Confirm with . or Enter, or press ? or * to list all spells.
A beastly little devil appears in a puff of flame.
You swap places.
Your crimson imp blinks!
You swap places.
Your crimson imp blinks!
Found 7 stones.
You swap places.
Your crimson imp barely misses the iguana.
The iguana closely misses your crimson imp.
Your crimson imp blinks!
The iguana barely misses you.
The iguana barely misses your crimson imp.
Your crimson imp hits the iguana but does no damage.
The iguana barely misses your crimson imp.
Your crimson imp blinks!
Casting: Call Imp (safe; 3% risk of failure)
Confirm with . or Enter, or press ? or * to list all spells.
A beastly little devil appears in a puff of frigid air.
Your crimson imp disappears in a puff of smoke!
You closely miss the iguana.
The iguana is severely wounded.
The iguana bites you!
Ouch! That really hurt!
You die...

. .##### .. .#..<# ...
...######.#.#'#+##+##...
..........#............#
.........##.............
...(..................#.
................##.......+
......######....##...##..#
......####.....l@....#
....
§.....##......5....### ...
......##......§§...+ ..
.............§(....#+###+#
[.........................
..........#............#.#
..........#............#
...............##+#.......
...............##. .......


You could see an iguana (ally target) and a friendly white imp (summoned).

Vanquished Creatures
  An adder (D:2)
  2 ball pythons
  2 giant cockroaches (D:1)
  2 goblins (D:1)
  4 hobgoblins
  2 jackals (D:1)
  3 frilled lizards
  A kobold (D:1)
  A rat (D:3)
18 creatures vanquished.

Vanquished Creatures (collateral kills)
  2 river rats (D:3)
  3 worms (D:3)
  2 dart slugs (D:1)
  3 endoplasms
  3 giant cockroaches
  2 goblins
  4 hobgoblins (D:2)
  A quokka (D:2)
  4 ball pythons
  A bat (D:1)
  6 frilled lizards
  9 kobolds
  5 rats
45 creatures vanquished.

Grand Total: 63 creatures vanquished

Notes
Turn   | Place    | Note
-------+----------+-------------------------------------------
     0 | D:1      | ragingrage the Felid Summoner began the quest for the Orb.
     0 | D:1      | Reached XP level 1. HP: 7/7 MP: 4/4
   659 | D:1      | Reached XP level 2. HP: 5/11 MP: 3/6
  1102 | D:1      | Learned a level 2 spell: Call Imp
  1658 | D:1      | Reached XP level 3. HP: 14/14 MP: 6/8
  1662 | D:1      | Learned a level 3 spell: Call Canine Familiar
  2840 | D:2      | Found an iron altar of Okawaru.
  3511 | D:2      | Found a faded altar of an unknown god.
  4218 | D:3      | Reached XP level 4. HP: 18/18 MP: 6/9
  4229 | D:3      | Found a glowing drain.
  4240 | D:3      | Reached skill level 5 in Summonings
  4255 | D:3      | Learned a level 3 spell: Summon Guardian Golem
  4301 | Sewer    | Entered a sewer
  4444 | Sewer    | Noticed Pargi
  4494 | Sewer    | Slain by Pargi
  4495 | Sewer    | Reached XP level 3. HP: 0/14 MP: 5/8
  4869 | D:3      | Found a transporter.
  4961 | D:3      | Noticed MrDNA's ghost (amateur GnWn)
  5008 | D:3      | Found a transporter.
  5582 | D:4      | Mangled by an iguana

Illustrated notes

Levels and vault maps discovered:
D:1:      sevenhm_arrival_forest_fort_large_2, layout_loops_ring, hex_large,
          st_stairs_9, minmay_misc_feat_cross
D:2:      layout_loops_corners, shapermc_ecumenical_altar_ellora, basic_altar
D:3:      layout_basic, gammafunk_ghost_arena, portal_sewer_entry_b
D:4:      layout_basic, nicolae_ru_great_annihilating_truth, glass_columns_b,
          uniq_duvessa, uniq_blork_the_orc, uniq_sigmund

Skill      XL: |  1  2  3  4 |
---------------+-------------+-----
Spellcasting   | 3 |  3.4
Summonings     | 5 |  5.0
Dodging        | |  2.6
Stealth        | |  2.6

Action                   |  1- 3 |  4- 6 || total
-------------------------+-------+-------++-------
Melee: Unarmed           |    94 |    12 ||   106
       Bite              |     7 |     1 ||     8
 Cast: Summon Small Mamm |    33 |     2 ||    35
       Call Imp          |    28 |     1 ||    29
       Call Canine Famil |    10 |     3 ||    13
  Use: Scroll            |     1 |       ||     1
 Stab: Distracted        |     2 |       ||     2
       Sleeping          |     2 |       ||     2
Armor: Skin              |     5 |       ||     5
Dodge: Dodged            |   109 |    30 ||   139

Table legend: (Time is in decaauts)
 A = Elapsed time spent in this place.
 B = Non-inter-level travel time spent in this place.
 C = Inter-level travel time spent in this place.
 D = Time resting spent in this place.
 E = Time spent auto-exploring this place.
 F = Levels seen in this place.
 G = Mean time per level.
                   A        B        C        D        E       F      G
               +--------+--------+--------+--------+--------+-----+--------+
         Total |   5174 |   5114 |     60 |   1862 |   2306 |   5 | 1034.8 |
       Dungeon |   4791 |   4731 |     60 |   1762 |   2133 |   4 | 1197.8 |
         Sewer |    383 |    383 |      0 |    100 |    172 |   1 |  383.0 |
               +--------+--------+--------+--------+--------+-----+--------+

Top non-repeatable levels by time:
     D:1: 1930 daAuts
     D:2: 1893 daAuts
     D:3: 732 daAuts
   Sewer: 383 daAuts
     D:4: 233 daAuts
